 Dungeon Crawl Stone Soup version 0.29-a0-923-g6e406bff71 (webtiles) character file.

Game seed: 10683086175672669264

693 leavemydog the Cleaver (level 7, -3/90 HPs)
             Began as a Minotaur Fighter on July 27, 2022.
             Killed by divine providence
             ... invoked by an orc priest
              (14 damage)
             ... on level 5 of the Dungeon.
             The game lasted 00:04:40 (4105 turns).

leavemydog the Cleaver (Minotaur Fighter)           Turns: 4105, Time: 00:04:41

Health: -3/90      AC: 23    Str: 21    XL:     7   Next: 37%
Magic:  6/6        EV:  2    Int:  7    God:
Gold:   229        SH:  4    Dex:  9    Spells: 6/6 levels left

rFire   . . .      SeeInvis +   a - +0 war axe
rCold   . . .      Faith    .   c - +0 buckler
rNeg    . . .      Spirit   .   (body armour currently unavailable)
rPois   +          Reflect  .   (helmet currently unavailable)
rElec   .          Harm     .   (cloak currently unavailable)
rCorr   +          Rampage  .   (gloves currently unavailable)
Will    .....      NoTele   +   (boots currently unavailable)
Stlth   +.........              (no amulet)
HPRegen 0.25/turn               l - ring of resist corrosion
MPRegen 0.10/turn               s - ring of see invisible

@: tree-form
A: stationary, stasis, torment immunity, boosted hp, (horns 2), (retaliatory
headbutt)
a: no special abilities


You were on level 5 of the Dungeon.
You were a tree.
You visited 1 branch of the dungeon, and saw 5 of its levels.

You collected 229 gold pieces.

Inventory:

Hand Weapons
 a - a +0 war axe (weapon)
Armour
 b - a +0 scale mail (melded)
 c - a +0 buckler (worn)
Jewellery
 l - a ring of resist corrosion (left branch)
 s - a ring of see invisible (right branch)
Wands
 n - a wand of polymorph (8)
Scrolls
 e - a scroll of enchant armour {unknown}
 f - a scroll of butterflies {unknown}
 g - 4 scrolls of identify {unknown}
 h - 3 scrolls of noise {unknown}
 r - a scroll of magic mapping {unknown}
 t - 2 scrolls of teleportation {unknown}
 u - a scroll of brand weapon {unknown}
Potions
 d - a potion of might
 i - a potion of magic {unknown}
 j - a potion of lignification
 k - 2 potions of attraction {unknown}
 m - a potion of cancellation {unknown}
 o - a potion of berserk rage {unknown}
 p - 2 potions of heal wounds {unknown}
 q - a potion of haste {unknown}


   Skills:
 + Level 4.7 Fighting
 * Level 8.1 Axes
 + Level 5.2 Armour
 + Level 4.8 Shields


You had 6 spell levels left.
You didn't know any spells.
Your spell library contained the following spells:

 Spells                   Type           Power      Damage    Failure   Level
 Gell's Gravitas          Tloc           0%         N/A       87%         3
 Teleport Other           Tloc           0%         N/A       87%         3
 Dispersal                Tloc           0%         N/A       100%        6


Dungeon Overview and Level Annotations

Branches:
Dungeon (5/15)
 Temple: D:4-7

Altars:
Ashenzari
Dithmenos
Hepliaklqana
Kikubaaqudgha
Ru
Vehumet


Innate Abilities, Weirdness & Mutations

You are a tree.
Your roots penetrate the ground, keeping you stationary.
You cannot be teleported.
You are immune to unholy pain and torment.
Your maximum health is greatly increased.
Your equipment is partially melded.
((You have a pair of horns on your head.))
((You reflexively headbutt those who attack you in melee.))


Message History

You closely miss the gnoll. The gnoll closely misses you.
You furiously retaliate!
You headbutt the gnoll! You block the gnoll's attack.
You hit the gnoll.
You kill the gnoll!
The gnoll hits you from afar with a +0 spear.
You swing at nothing.
The gnoll hits you from afar with a +0 spear.
You swing at nothing.
The gnoll barely misses you.
You swing at nothing.
The gnoll hits you but does no damage.
You closely miss the orc. You headbutt the orc!
You kill the orc!
The gnoll hits you from afar with a +0 spear. x2
You hit the orc priest.
The orc priest is lightly wounded.
The gnoll hits you from afar with a +0 spear.
The orc priest barely misses you.
You barely miss the orc priest.
The orc priest is lightly wounded.
The orc priest hits you with a +0 whip.
* * * LOW HITPOINT WARNING * * *
The gnoll hits you but does no damage.
You completely miss the orc priest.
The orc priest is lightly wounded.
The orc priest hits you with a +0 whip.
* * * LOW HITPOINT WARNING * * *
The gnoll hits you from afar with a +0 spear.
* * * LOW HITPOINT WARNING * * *
You completely miss the orc priest.
The orc priest is lightly wounded.
The orc priest hits you but does no damage.
The gnoll hits you from afar with a +0 spear.
* * * LOW HITPOINT WARNING * * *
The orc priest attacks as you move away!
The orc priest barely misses you.
It was a potion of lignification.
You turn into a tree.
Your +0 scale mail melds into your body.
Your roots penetrate the ground.
The orc priest mumbles some strange prayers to Beogh against you.
Beogh smites you!
You die...

.o #o ## #.
... #. ..##.
#### ... ..#
#.####.####.#
#.go♣.....(.#
#.####†######
#. #.# #. #.#
#. #.# #. #.#
.. #.# .# #.#
#.#


You could see an orc priest and a gnoll.

Vanquished Creatures
  Edmund (D:5)
  An ogre (D:4)
  A necrophage (D:5)
  2 orc priests (D:4)
  2 hounds (D:4)
  An iguana (D:4)
  Terence (D:3)
  An orc wizard (D:4)
  Robin (D:3)
  3 adders
  7 gnolls
  2 worms
  4 dart slugs
  17 orcs
  4 bats
  7 endoplasms
  3 giant cockroaches
  8 goblins
  7 hobgoblins
  7 jackals
  11 kobolds
  4 quokkas
  5 ball pythons
  2 frilled lizards (D:2)
  4 rats
106 creatures vanquished.

Notes
Turn   | Place    | Note
-------+----------+-------------------------------------------
     0 | D:1      | leavemydog the Minotaur Fighter began the quest for the
                  | Orb.
     0 | D:1      | Reached XP level 1. HP: 19/19 MP: 0/0
   314 | D:1      | Reached XP level 2. HP: 27/27 MP: 1/1
   408 | D:1      | Reached skill level 3 in Axes
   778 | D:1      | Reached XP level 3. HP: 17/33 MP: 2/2
  1267 | D:2      | Found a faded altar of an unknown god.
  1555 | D:2      | Reached skill level 4 in Axes
  1555 | D:2      | Reached XP level 4. HP: 36/40 MP: 3/3
  2169 | D:3      | Found a sacrificial altar of Ru.
  2356 | D:3      | Noticed Robin
  2367 | D:3      | Killed Robin
  2526 | D:3      | Noticed Terence
  2528 | D:3      | Killed Terence
  2529 | D:3      | Reached skill level 5 in Axes
  2529 | D:3      | Reached XP level 5. HP: 40/46 MP: 4/4
  3254 | D:4      | Reached skill level 6 in Axes
  3267 | D:4      | Reached XP level 6. HP: 41/53 MP: 5/5
  3627 | D:4      | Found a broken altar of Ashenzari.
  3644 | D:4      | Found an ancient bone altar of Kikubaaqudgha.
  3682 | D:4      | Reached skill level 7 in Axes
  3906 | D:5      | Entered Level 5 of the Dungeon
  3955 | D:5      | Noticed Edmund
  3960 | D:5      | Killed Edmund
  3961 | D:5      | Reached skill level 5 in Armour
  3961 | D:5      | Reached XP level 7. HP: 52/60 MP: 6/6
  4011 | D:5      | Found a radiant altar of Vehumet.
  4018 | D:5      | Reached skill level 8 in Axes
  4053 | D:5      | Found a shadowy altar of Dithmenos.
  4053 | D:5      | Noticed a shadow
  4054 | D:5      | Found a hazy altar of Hepliaklqana.
  4105 | D:5      | Killed from afar by an orc priest

Illustrated notes

Levels and vault maps discovered:
D:1:      kennysheep_arrival_forest, layout_basic, minmay_pentomino_z2
D:2:      layout_loops_cross, nicolae_ecumenical_pavilion
D:3:      layout_basic, amcnicky_altar_gilded, uniq_robin, uniq_terence
D:4:      layout_rooms, mainiacjoe_overflow_alcove_1,
          nicolae_ashenzari_panopticon, amethyst_killhole, hangedman_glass_teeth
D:5:      corexii_shack_village, layout_loops_ring,
          riverfiend_overflow_shadow_ancestor, nicolae_vehumet_altar_sigil,
          nicolae_uskayaw_en_pointe, mainiacjoe_overflow_brackets, uniq_edmund

Skill      XL: |  1  2  3  4  5  6  7 |
---------------+----------------------+-----
Axes           | 3 4 5 6 7 8 |  8.1
Fighting       | 4 |  4.7
Armour         | 4 5 |  5.2
Shields        | 4 |  4.8

Action                   |  1- 3 |  4- 6 |  7- 9 || total
-------------------------+-------+-------+-------++-------
Melee: War axe           |    84 |   141 |    17 ||   242
       Headbutt          |    13 |    22 |     1 ||    36
  Use: Potion            |       |       |     1 ||     1
Armor: Scale mail        |    36 |    63 |     6 ||   105
       Skin              |       |    12 |       ||    12
Dodge: Dodged            |    36 |    62 |    13 ||   111
Block: Buckler           |    15 |    41 |     4 ||    60

Table legend: (Time is in decaauts)
 A = Elapsed time spent in this place.
 B = Non-inter-level travel time spent in this place.
 C = Inter-level travel time spent in this place.
 D = Time resting spent in this place.
 E = Time spent auto-exploring this place.
 F = Levels seen in this place.
 G = Mean time per level.
                   A        B        C        D        E       F      G
               +--------+--------+--------+--------+--------+-----+--------+
         Total |   4173 |   4107 |     66 |    341 |   3158 |   5 |  834.6 |
       Dungeon |   4173 |   4107 |     66 |    341 |   3158 |   5 |  834.6 |
               +--------+--------+--------+--------+--------+-----+--------+

Top non-repeatable levels by time:
     D:1: 1288 daAuts
     D:4: 995 daAuts
     D:2: 850 daAuts
     D:3: 837 daAuts
     D:5: 202 daAuts
